 Dungeon Crawl Stone Soup version 0.31-a0-986-g5e6e4ef867 (webtiles) character file.

Game seed: 7305669068305522641

107 dialectric the Covert (level 4, -9/24 HPs)
             Began as a Spriggan Delver on Nov 25, 2023.
             Mangled by an iguana (13 damage)
             ... on level 6 of the Dungeon.
             The game lasted 00:04:55 (2362 turns).

dialectric the Covert (Spriggan Delver)             Turns: 2362, Time: 00:04:56

Health: -9/24      AC:  2    Str:  8    XL:     4   Next: 56%
Magic:  5/5        EV: 19    Int: 11    God:
Gold:   102        SH:  0    Dex: 18    Spells: 3/3 levels left

rFire   . . .        a - +0 short sword
rCold   . . .        (no shield)
rNeg    + . .        b - +0 robe
rPois   .            (helmet restricted)
rElec   .            l - scarf {harm}
rCorr   .            (gloves unavailable)
SInv    +            (boots unavailable)
Will    .....        (no amulet)
Stlth   ++++         h - ring of positive energy
HPRegen 0.24/turn    (no ring)
MPRegen 0.09/turn

%: harm (+30% outgoing, +20% incoming)
@: very quick
A: very small, no large weapons, unfitting armour, see invisible, speed 3
a: no special abilities


You were on level 6 of the Dungeon.
You visited 2 branches of the dungeon, and saw 6 of its levels.

You collected 102 gold pieces.

Inventory:

Hand Weapons
 a - a +0 short sword (weapon)
Armour
 b - a +0 robe (worn)
 l - a scarf of harm (worn)
Jewellery
 h - a ring of positive energy (left hand)
 p - a ring of resist corrosion
 s - an amulet of reflection
Talismans
 u - a flux talisman
Wands
 g - a wand of digging (10)
Scrolls
 c - a scroll of fog
 d - a scroll of revelation
 e - a scroll of fear
 j - a scroll of teleportation {unknown}
 k - 3 scrolls of identify {unknown}
Potions
 f - 2 potions of haste
 i - a potion of curing {unknown}
 m - 2 potions of ambrosia {unknown}
 n - 2 potions of degeneration {unknown}
 o - 2 potions of invisibility {unknown}
 q - a potion of resistance {unknown}
 r - a potion of berserk rage {unknown}
 t - a potion of attraction {unknown}


   Skills:
 + Level 3.0 Fighting
 + Level 3.2 Short Blades
 * Level 4.1 Dodging
 - Level 8.0 Stealth


You had 3 spell levels left.
You didn't know any spells.
Your spell library was empty.

Dungeon Overview and Level Annotations

Branches:
Dungeon (6/15)             Temple (1/1) D:5

Altars:
Fedhas
Gozag
Kikubaaqudgha
Makhleb
Nemelex Xobeh
Qazlal
Ru
Sif Muna
Vehumet
Xom
Yredelemnul
Zin
The Shining One

Annotations:
D:5 Eustachio


Innate Abilities, Weirdness & Mutations

You are very small and have problems with some larger weapons.
You are too small for most types of armour.
You have supernaturally acute eyesight. (SInv)
You cover ground extremely quickly. (Speed+++)


Message History

Unknown command.
An iguana comes into view.
The iguana hisses angrily.
An iguana is nearby!
An iguana is nearby!
An iguana is nearby!
An iguana is nearby!
Found a stone staircase leading down.
The iguana bites you.
You hit the iguana but do no damage. The iguana completely misses you.
You closely miss the iguana. The iguana closely misses you.
You hit the iguana.
The iguana is lightly wounded.
You hit the iguana.
The iguana is moderately wounded.
The iguana barely misses you.
You closely miss the iguana.
The iguana is moderately wounded.
The iguana barely misses you.
You barely miss the iguana.
The iguana is moderately wounded.
The iguana bites you!
Ouch! That really hurt!
* * * LOW HITPOINT WARNING * * *
You are too injured to fight recklessly!
You are too injured to fight recklessly!
An iguana is nearby!
You barely miss the iguana.
The iguana is moderately wounded.
The iguana misses you.
You hit the iguana.
The iguana is heavily wounded.
The iguana misses you.
You closely miss the iguana.
The iguana is heavily wounded.
The iguana misses you.
You hit the iguana but do no damage.
The iguana is heavily wounded.
The iguana bites you!
Ouch! That really hurt!
You die...

##################
#................<
#.################
#.# #### #@# ...
##l####.#####.
#....l........
#######....##>
###.# #


You could see an iguana.

Vanquished Creatures
  Jessica (D:3)
  A gnoll (D:4)
  4 adders
  A dart slug (D:2)
  An orc (D:3)
  6 ball pythons
  A bat (D:2)
  2 endoplasms
  2 giant cockroaches
  2 goblins
  2 hobgoblins
  2 jackals (D:3)
  2 quokkas
  5 kobolds
  A rat (D:2)
33 creatures vanquished.

Notes
Turn   | Place    | Note
-------+----------+-------------------------------------------
     0 | D:5      | dialectric the Spriggan Delver began the quest for the Orb.
     0 | D:5      | Reached XP level 1. HP: 11/11 MP: 2/2
    43 | D:5      | Noticed a hound
    52 | D:5      | Reached XP level 2. HP: 2/16 MP: 3/3
   192 | D:5      | Found a staircase to the Ecumenical Temple.
   203 | Temple   | Entered the Ecumenical Temple
   249 | D:5      | Noticed Eustachio
   272 | D:4      | Noticed an ogre
   285 | D:4      | Found a stormy altar of Qazlal.
   339 | D:3      | Noticed Jessica
   340 | D:3      | Killed Jessica
   341 | D:3      | Reached XP level 3. HP: 19/19 MP: 4/4
   692 | D:3      | Reached XP level 4. HP: 1/23 MP: 5/5
   793 | D:3      | Found a shimmering blue altar of Sif Muna.
   840 | D:3      | Found a burning altar of Makhleb.
   856 | D:3      | Reached skill level 8 in Stealth
  2227 | D:5      | Noticed a phantom
  2362 | D:6      | Mangled by an iguana

Illustrated notes

Levels and vault maps discovered:
D:2:      layout_loops_corners
D:3:      layout_basic, chequers_temple_overflow_statue_of_worship,
          minmay_misc_feat_columns, uniq_jessica
D:4:      cheibrodos_fertilizer, layout_loops_cross, grunt_qazlal_clouds,
          mainiacjoe_overflow_chevrons
D:5:      layout_loops_corners, nicolae_hepliaklqana_ecumenical_no_more,
          minmay_temple_entry_statues_pillars, enter_ossuary_4, serial_bayou,
          serial_bayou_ford_a, serial_bayou_pond_c, serial_bayou_pond_d,
          serial_bayou_pond_e, serial_bayou_pond_a, uniq_eustachio,
          uniq_sigmund, uniq_duvessa, uniq_ijyb, uniq_blork_the_orc
D:6:      layout_basic, kennysheep_generic_room_6, uniq_menkaure
Temple:   hellmonk_temple_beads

Skill      XL: |  1  2  3  4 |
---------------+-------------+-----
Dodging        | 3 4 |  4.1
Short Blades   | 3 |  3.2
Stealth        | 8 |  8.0
Fighting       | 3 |  3.0

Action                     |  1- 3 |  4- 6 || total
---------------------------+-------+-------++-------
  Melee: Short sword       |    68 |   102 ||   170
    Use: Scroll            |       |     1 ||     1
   Stab: Sleeping          |     4 |     3 ||     7
 Armour: Robe              |    23 |    25 ||    48
  Dodge: Dodged            |    69 |    88 ||   157

Table legend: (Time is in decaauts)
 A = Elapsed time spent in this place.
 B = Non-inter-level travel time spent in this place.
 C = Inter-level travel time spent in this place.
 D = Time resting spent in this place.
 E = Time spent auto-exploring this place.
 F = Levels seen in this place.
 G = Mean time per level.
                   A        B        C        D        E       F      G
               +--------+--------+--------+--------+--------+-----+--------+
         Total |   1624 |   1589 |     35 |     94 |    943 |   6 |  270.7 |
       Dungeon |   1606 |   1587 |     19 |     94 |    943 |   5 |  321.2 |
        Temple |     18 |      2 |     16 |      0 |      0 |   1 |   18.0 |
               +--------+--------+--------+--------+--------+-----+--------+

Top non-repeatable levels by time:
     D:2: 712 daAuts
     D:3: 570 daAuts
     D:5: 233 daAuts
     D:4: 61 daAuts
     D:6: 28 daAuts
  Temple: 18 daAuts
